 Dungeon Crawl Stone Soup version 0.19.1 (webtiles) character file.

76 Pixllover the Cudgeler (level 4, -5/45 HPs)
             Began as a Troll Chaos Knight on Dec 22, 2016.
             Slain by Pixllover's ghost (9 damage)
             ... on level 3 of the Dungeon.
             The game lasted 00:06:02 (1062 turns).

Pixllover the Cudgeler (Troll Chaos Knight)         Turns: 1062, Time: 00:06:03

Health: -5/45      AC:  7    Str: 21    XL:     4   Next: 12%
Magic:  3/3        EV: 10    Int:  8    God:    Xom [..*...]
Gold:   122        SH:  0    Dex:  9    Spells: 0 memorised, 3 levels left

rFire  . . .     SeeInvis .     a - +0 mace (chaos)
rCold  . . .     Gourm    +     b - +2 robe
rNeg   . . .     Faith    .     (no shield)
rPois  .         Spirit   .     (helmet restricted)
rElec  .         Reflect  .     (no cloak)
rCorr  .         Harm     .     (gloves unavailable)
MR     +....                    (boots unavailable)
Stlth  +.........               (no amulet)
                                (no ring)
                                j - ring of protection from magic

@: no status effects
A: unfitting armour, claws 3, fast metabolism 3, gourmand, regeneration 1,
shaggy fur 1, tough skin 2
a: Renounce Religion


You were on level 3 of the Dungeon.
You worshipped Xom.
You were a toy of Xom.
You were not hungry.

You visited 1 branch of the dungeon, and saw 3 of its levels.

You collected 122 gold pieces.

Inventory:

Hand Weapons
 a - a +0 mace of chaos (weapon)
Missiles
 g - 32 poisoned needles (quivered)
Armour
 b - a +2 robe (worn)
Jewellery
 j - a ring of protection from magic (left claw)
Scrolls
 d - 2 scrolls of identify
 e - 2 scrolls of remove curse {unknown}
 h - 2 scrolls of teleportation {unknown}
 o - a scroll of amnesia
 p - a scroll of random uselessness {unknown}
 q - a scroll of immolation {unknown}
Potions
 i - a potion of flight
 k - 2 potions of agility {unknown}
 r - a potion of curing {unknown}
Comestibles
 c - 7 bread rations
 f - 2 meat rations
 l - a beef jerky
 m - a chunk of flesh
 n - a slice of pizza


   Skills:
 + Level 3.2 Fighting
 + Level 3.5 Maces & Flails
 + Level 2.4 Dodging


You had 3 spell levels left.
You didn't know any spells.

Dungeon Overview and Level Annotations

Branches:
Dungeon (3/15)

Altars:
Nemelex Xobeh
Xom

Annotations:
D:3 Pixllover's ghost, amateur TrBe


Innate Abilities, Weirdness & Mutations

You are too large for most types of armour.
You have claws for hands.
Your metabolism is lightning-fast.
You like to eat raw meat.
Your natural rate of healing is unusually fast.
You are covered in fur. (AC +1)
You have very tough skin. (AC +2)


Message History

You hit Pixllover's ghost but do no damage.
Pixllover's ghost is lightly damaged.
Pixllover's ghost hits you!
* * * LOW HITPOINT WARNING * * *
The goblin hits you but does no damage.
You hit Pixllover's ghost.
Pixllover's ghost is lightly damaged.
Xom's attention almost turns to you for a moment.
A monocle briefly appears over your right eye.
Pixllover's ghost hits you but does no damage.
The goblin hits you with a club.
* * * LOW HITPOINT WARNING * * *
Press: ? - help, v - describe, . - travel
Here: Pixllover's ghost (lightly damaged)
The floor, spattered with blood.
You closely miss Pixllover's ghost.
Pixllover's ghost is lightly damaged.
Pixllover's ghost hits you!
You die...
Xom chortles!

# . ##. ##.# #.. #...
####.####..> ........#.#
#...@..# #..gW###
#.###...K#############
#?......(..............####
..#####....###########.....
#....# ###### #....# #....#
......# #


You could see Pixllover's ghost, a goblin and a kobold.

Vanquished Creatures
  An orc wizard (D:3)
  An adder (D:2)
  3 dart slugs
  3 orcs (D:3)
  2 giant cockroaches
  4 goblins
  3 hobgoblins
  4 jackals (D:2)
  4 kobolds
  A bat (D:3)
  3 frilled lizards
  3 rats
32 creatures vanquished.

Notes
Turn   | Place    | Note
-------+----------+-------------------------------------------
     0 | D:1      | Pixllover the Troll Chaos Knight began the quest for the Orb.
     0 | D:1      | Reached XP level 1. HP: 22/22 MP: 0/0
    39 | D:1      | XOM: divination: magic mapping
   148 | D:1      | Found a sparkling altar of Nemelex Xobeh.
   329 | D:1      | XOM: divination: magic mapping
   380 | D:1      | Reached XP level 2. HP: 29/29 MP: 1/1
   436 | D:1      | XOM: divination: detect items
   768 | D:2      | XOM: scenery: create altars
   818 | D:2      | XOM: noise
   863 | D:2      | Reached XP level 3. HP: 36/36 MP: 2/2
   970 | D:3      | Reached XP level 4. HP: 45/45 MP: 3/3
  1044 | D:3      | Noticed Pixllover's ghost (amateur TrBe)
  1057 | D:3      | XOM: potion effect (curing)
  1061 | D:3      | XOM: silly message
  1062 | D:3      | Slain by Pixllover's ghost

Skill      XL: |  1  2  3 |
---------------+----------+-----
Dodging        | 2 |  2.4
Maces & Flails | 3 |  3.5
Fighting       | 3 |  3.2

Action                   |  1- 3 |  4- 6 || total
-------------------------+-------+-------++-------
Melee: Mace              |    72 |    32 ||   104
  Use: Potion            |     1 |       ||     1
       Scroll            |     2 |       ||     2
 Stab: Paralysed         |       |     1 ||     1
  Eat: Chunk             |    10 |       ||    10
Armor: Robe              |    44 |    25 ||    69
Dodge: Dodged            |    40 |    30 ||    70
